TOP OF THE 1ST |
California State University at Fullerton Titans batting - Pitching for University of Georgia Bulldogs : RHP Rip Log
|
Pitching: RHP Rip Log
|
|
Batting: LHB Zachery Ballard
|
0-0: Ball 1-0: Foul Ball, location: 2F 1-1: Ball 2-1: Foul Ball, location: 2F 2-2: Fly out, F9 (Line Drive, 9, EV 97.5 MPH)
|
Batting: LHB Wing-tat Tai
|
0-0: Fly out, F8 (Flyball, 78D, EV 99.4 MPH)
|
Batting: RHB Wan-ling Zhu
|
0-0: Ball 1-0: SOLO HOME RUN (Flyball, 7D, EV 100.6 MPH), Distance : 415 ft
|
Batting: RHB Azeem bin Zuhair
|
0-0: SOLO HOME RUN (Line Drive, 7D, EV 117.5 MPH), Distance : 463 ft
|
Batting: LHB George Last
|
0-0: Ball 1-0: SINGLE (Line Drive, 78S, EV 100.6 MPH)
|
Batting: LHB Xue-liang Zhou
|
0-0: Called Strike 0-1: Foul Ball, location: 2F 0-2: Hit by Pitch George Last to second
|
Batting: RHB Vince Harris
|
0-0: Ball 1-0: Called Strike 1-1: DOUBLE (Line Drive, 78D, EV 113.1 MPH) George Last scores Xue-liang Zhou to third Runner from 3rd tries for Home, SAFE, throw by LF to home
|
Batting: RHB Alastair Guiney
|
0-0: Called Strike 0-1: Swinging Strike 0-2: Foul Ball, location: 2F 0-2: Strikes out looking
|
Top of the 1st over - 4 runs, 4 hits, 0 errors, 1 left on base; California State University at Fullerton 4 - University of Georgia 0 |
BOTTOM OF THE 1ST |
University of Georgia Bulldogs batting - Pitching for California State University at Fullerton Titans : RHP Marcos Vergara
|
Pitching: RHP Marcos Vergara
|
|
Batting: RHB Ivan Barrientos
|
0-0: Ball 1-0: Ball 2-0: Ground out 6-3 (Groundball, 56, EV 86.2 MPH)
|
Batting: RHB Patrick Pinault
|
0-0: Foul Ball, location: 2F 0-1: Fly out, F8 (Line Drive, 8RD, EV 91.2 MPH)
|
Batting: LHB Justin Daley
|
0-0: Swinging Strike 0-1: Swinging Strike 0-2: Ball 1-2: Ball 2-2: Fly out, F4 (Flyball, 34D, EV 83.1 MPH)
|
Bottom of the 1st over - 0 runs, 0 hits, 0 errors, 0 left on base; California State University at Fullerton 4 - University of Georgia 0 |
TOP OF THE 2ND |
California State University at Fullerton Titans batting - Pitching for University of Georgia Bulldogs : RHP Rip Log
|
Batting: RHB Victor Rubert
|
0-0: Ground out 5-3 (Groundball, 5L, EV 77.5 MPH)
|
Batting: LHB Zachery Ballard
|
0-0: Foul Ball, location: 2F 0-1: Swinging Strike 0-2: Ball 1-2: Ball 2-2: Ball 3-2: Strikes out swinging
|
Batting: LHB Wing-tat Tai
|
0-0: Called Strike 0-1: Called Strike 0-2: Ball 1-2: Ball 2-2: Foul Ball, location: 2F 2-2: SINGLE (Line Drive, 8LS, EV 106.2 MPH)
|
Batting: RHB Wan-ling Zhu
|
0-0: Ball 1-0: Ball 2-0: Ball 3-0: Base on Balls Wing-tat Tai to second
|
Batting: RHB Azeem bin Zuhair
|
0-0: Ball 1-0: Called Strike 1-1: Ball 2-1: Foul Ball, location: 2F 2-2: Strikes out swinging
|
Top of the 2nd over - 0 runs, 1 hit, 0 errors, 2 left on base; California State University at Fullerton 4 - University of Georgia 0 |
BOTTOM OF THE 2ND |
University of Georgia Bulldogs batting - Pitching for California State University at Fullerton Titans : RHP Marcos Vergara
|
Batting: RHB Jeff Floyd
|
0-0: Foul Ball, location: 2F 0-1: Called Strike 0-2: Strikes out swinging
|
Batting: RHB Homer Petropoulos
|
0-0: SINGLE (Line Drive, 4D, EV 109.4 MPH)
|
Batting: RHB Armando Ramirez
|
0-0: Ball 1-0: Called Strike 1-1: Ball 2-1: Swinging Strike 2-2: Strikes out looking
|
Batting: RHB Tsugio Yamaguchi
|
0-0: Called Strike 0-1: Ball 1-1: Ball 2-1: Ball 3-1: Ground out 2-3 (Groundball, 2R, EV 70.0 MPH)
|
Bottom of the 2nd over - 0 runs, 1 hit, 0 errors, 1 left on base; California State University at Fullerton 4 - University of Georgia 0 |
TOP OF THE 3RD |
California State University at Fullerton Titans batting - Pitching for University of Georgia Bulldogs : RHP Rip Log
|
Batting: LHB George Last
|
0-0: Ground out 4-3 (Groundball, 4, EV 83.8 MPH)
|
Batting: LHB Xue-liang Zhou
|
0-0: Called Strike 0-1: Fly out, F7 (Flyball, 7, EV 90.6 MPH)
|
Batting: RHB Vince Harris
|
0-0: Called Strike 0-1: Foul Ball, location: 2F 0-2: Ball 1-2: Foul Ball, location: 2F 1-2: Ball 2-2: Foul Ball, location: 2F 2-2: Ball 3-2: Base on Balls
|
Batting: RHB Alastair Guiney
|
0-0: Ball 1-0: Ball 2-0: Called Strike 2-1: Ball 3-1: Called Strike 3-2: Foul Ball, location: 2F 3-2: Fly out, F9 (Flyball, 9D, EV 90.6 MPH)
|
Top of the 3rd over - 0 runs, 0 hits, 0 errors, 1 left on base; California State University at Fullerton 4 - University of Georgia 0 |
BOTTOM OF THE 3RD |
University of Georgia Bulldogs batting - Pitching for California State University at Fullerton Titans : RHP Marcos Vergara
|
Batting: LHB Jesus Huante
|
0-0: Ball 1-0: Ball 2-0: Fly out, F5 (Popup, 5SF, EV 72.5 MPH)
|
Batting: RHB Mike Lassiter
|
0-0: Called Strike 0-1: Ball 1-1: Ball 2-1: Ball 3-1: Base on Balls
|
Batting: RHB Ivan Barrientos
|
0-0: Fielders Choice at 2nd, 6-4 (Groundball, 6, EV 99.4 MPH)
|
Batting: RHB Patrick Pinault
|
0-0: Called Strike Ivan Barrientos is caught stealing 2nd base 2-4
|
Bottom of the 3rd over - 0 runs, 0 hits, 0 errors, 0 left on base; California State University at Fullerton 4 - University of Georgia 0 |
TOP OF THE 4TH |
California State University at Fullerton Titans batting - Pitching for University of Georgia Bulldogs : RHP Rip Log
|
Batting: RHB Victor Rubert
|
0-0: Ball 1-0: Foul Ball, location: 2F 1-1: Swinging Strike 1-2: Strikes out swinging
|
Batting: LHB Zachery Ballard
|
0-0: Ball 1-0: Ball 2-0: Foul Ball, location: 2F 2-1: Ball 3-1: Ground out 4-3 (Groundball, 4, EV 83.1 MPH)
|
Batting: LHB Wing-tat Tai
|
0-0: Ball 1-0: SINGLE (Groundball, 34D, EV 104.4 MPH)
|
Batting: RHB Wan-ling Zhu
|
0-0: DOUBLE (Line Drive, 89D, EV 100.6 MPH) Wing-tat Tai to third Runner from 3rd tries for Home, SAFE, throw by RF to home
|
Pitching: RHP Hisanobu Hayashi
|
|
Batting: RHB Azeem bin Zuhair
|
0-0: Ball 1-0: SINGLE (Flyball, 4MD, EV 85.6 MPH) Wan-ling Zhu to third Runner from 3rd tries for Home, throw by CF and OUT! 8-2
|
Top of the 4th over - 1 run, 3 hits, 0 errors, 1 left on base; California State University at Fullerton 5 - University of Georgia 0 |
BOTTOM OF THE 4TH |
University of Georgia Bulldogs batting - Pitching for California State University at Fullerton Titans : RHP Marcos Vergara
|
Batting: RHB Patrick Pinault
|
0-0: Ball 1-0: SINGLE (Groundball, 4M, EV 103.8 MPH) (infield hit)
|
Batting: LHB Justin Daley
|
0-0: Ball Patrick Pinault steals 2nd base 1-0: Foul Ball, location: 2F 1-1: Ball 2-1: Fly out, F8 (Flyball, 8RM, EV 90.0 MPH)
|
Batting: RHB Jeff Floyd
|
0-0: Ball 1-0: SINGLE (Line Drive, 89S, EV 106.2 MPH) Patrick Pinault to third
|
Batting: RHB Homer Petropoulos
|
0-0: Called Strike 0-1: Ball 1-1: Called Strike 1-2: Strikes out swinging
|
Batting: RHB Armando Ramirez
|
0-0: Foul Ball, location: 2F 0-1: Foul Ball, location: 2F 0-2: Foul Ball, location: 2F 0-2: Strikes out swinging
|
Bottom of the 4th over - 0 runs, 2 hits, 0 errors, 2 left on base; California State University at Fullerton 5 - University of Georgia 0 |
TOP OF THE 5TH |
California State University at Fullerton Titans batting - Pitching for University of Georgia Bulldogs : RHP Hisanobu Hayashi
|
Batting: LHB George Last
|
0-0: Called Strike 0-1: Called Strike 0-2: Strikes out looking
|
Batting: LHB Xue-liang Zhou
|
0-0: Called Strike 0-1: Ball 1-1: Ground out 3-1 (Groundball, 34, EV 84.4 MPH)
|
Batting: RHB Vince Harris
|
0-0: Called Strike 0-1: Fly out, F7 (Flyball, 78D, EV 83.8 MPH)
|
Top of the 5th over - 0 runs, 0 hits, 0 errors, 0 left on base; California State University at Fullerton 5 - University of Georgia 0 |
BOTTOM OF THE 5TH |
University of Georgia Bulldogs batting - Pitching for California State University at Fullerton Titans : RHP Marcos Vergara
|
Pitching: RHP Adam Livingston
|
|
Batting: RHB Tsugio Yamaguchi
|
0-0: Called Strike 0-1: DOUBLE (Flyball, 89XD, EV 103.1 MPH)
|
Batting: LHB Jesus Huante
|
0-0: Called Strike 0-1: Ball 1-1: Swinging Strike 1-2: Fly out, F9 (Line Drive, 9D, EV 96.2 MPH) Runner from 2nd tags up, SAFE at 3rd, no throw by RF
|
Batting: RHB Mike Lassiter
|
0-0: Ball 1-0: Foul Ball, location: 2F 1-1: DOUBLE (Line Drive, 5D, EV 94.4 MPH) Tsugio Yamaguchi scores
|
Batting: RHB Ivan Barrientos
|
0-0: Swinging Strike 0-1: Swinging Strike 0-2: Ball 1-2: Strikes out swinging
|
Batting: RHB Patrick Pinault
|
0-0: Ball 1-0: Swinging Strike 1-1: Ball 2-1: Ground out 6-3 (Groundball, 6M, EV 83.1 MPH)
|
Bottom of the 5th over - 1 run, 2 hits, 0 errors, 1 left on base; California State University at Fullerton 5 - University of Georgia 1 |
TOP OF THE 6TH |
California State University at Fullerton Titans batting - Pitching for University of Georgia Bulldogs : RHP Hisanobu Hayashi
|
Batting: RHB Alastair Guiney
|
0-0: Called Strike 0-1: Ball 1-1: Called Strike 1-2: Ground out 6-3 (Groundball, 6S, EV 81.9 MPH)
|
Batting: RHB Victor Rubert
|
0-0: Ball 1-0: Ball 2-0: Called Strike 2-1: Ground out 5-3 (Groundball, 5, EV 88.1 MPH)
|
Batting: RHB Guillermo Arredondo
|
0-0: Ball 1-0: Ball 2-0: Ball 3-0: Base on Balls
|
Pinch Hitting: LHB Walt van der Rest
|
0-0: Ball Guillermo Arredondo steals 2nd base 1-0: Ball 2-0: Hit by Pitch
|
Batting: RHB Wan-ling Zhu
|
0-0: 3-RUN HOME RUN (Flyball, 89XD, EV 110.6 MPH), Distance : 422 ft
|
Pinch Hitting: SHB Jacob Kinnear
|
0-0: Ball 1-0: Ball 2-0: Ball 3-0: Called Strike 3-1: Base on Balls
|
Pinch Hitting: RHB Raul Gomez
|
0-0: Called Strike 0-1: Foul Ball, location: 2F 0-2: Ball Balk! Jacob Kinnear to second 1-2: Strikes out swinging
|
Top of the 6th over - 3 runs, 1 hit, 0 errors, 1 left on base; California State University at Fullerton 8 - University of Georgia 1 |
BOTTOM OF THE 6TH |
University of Georgia Bulldogs batting - Pitching for California State University at Fullerton Titans : RHP Adam Livingston
|
Now in LF: Joshua Dingle
|
|
Now in CF: Walt van der Rest
|
|
Now in RF: Raul Gomez
|
|
Batting: LHB Justin Daley
|
0-0: Ground out U3 (Groundball, 34S, EV 84.4 MPH)
|
Batting: RHB Jeff Floyd
|
0-0: Called Strike 0-1: Foul Ball, location: 2F 0-2: Ball 1-2: Fly out, F6 (Popup, 6M, EV 56.2 MPH)
|
Batting: RHB Homer Petropoulos
|
0-0: Ball 1-0: Ball 2-0: Called Strike 2-1: Foul Ball, location: 2F 2-2: Fly out, F8 (Flyball, 8RD, EV 106.2 MPH)
|
Bottom of the 6th over - 0 runs, 0 hits, 0 errors, 0 left on base; California State University at Fullerton 8 - University of Georgia 1 |
TOP OF THE 7TH |
California State University at Fullerton Titans batting - Pitching for University of Georgia Bulldogs : RHP Hisanobu Hayashi
|
Batting: LHB Xue-liang Zhou
|
0-0: Ground out 2-3 (Groundball, 2R, EV 73.8 MPH)
|
Pinch Hitting: LHB Mike Fielden
|
0-0: Called Strike 0-1: Ball 1-1: Ground out 5-3 (Groundball, 56, EV 82.5 MPH)
|
Batting: RHB Alastair Guiney
|
0-0: Ball 1-0: Ball 2-0: Called Strike 2-1: Swinging Strike 2-2: Foul Ball, location: 2F 2-2: Strikes out looking
|
Top of the 7th over - 0 runs, 0 hits, 0 errors, 0 left on base; California State University at Fullerton 8 - University of Georgia 1 |
BOTTOM OF THE 7TH |
University of Georgia Bulldogs batting - Pitching for California State University at Fullerton Titans : RHP Adam Livingston
|
Now at 2B: Mike Fielden
|
|
Pinch Hitting: LHB William Pena
|
0-0: Swinging Strike 0-1: Ball 1-1: Swinging Strike 1-2: SINGLE (Flyball, 56D, EV 91.9 MPH)
|
Batting: RHB Tsugio Yamaguchi
|
0-0: Foul Ball, location: 2F 0-1: Called Strike 0-2: Foul Ball, location: 2F 0-2: Ball 1-2: SINGLE (Groundball, 6M, EV 85.6 MPH) (infield hit) William Pena to second
|
Batting: LHB Jesus Huante
|
0-0: Swinging Strike 0-1: Ball 1-1: Swinging Strike 1-2: Foul Ball, location: 2F 1-2: Strikes out swinging
|
Pitching: RHP Matt Lane
|
|
Batting: RHB Mike Lassiter
|
0-0: Ball 1-0: Ball 2-0: Foul Ball, location: 2F 2-1: Foul Ball, location: 2F 2-2: Ball 3-2: Strikes out swinging
|
Batting: RHB Ivan Barrientos
|
0-0: Ball 1-0: Ball 2-0: Fielders Choice at 2nd, 6-4 (Groundball, 6, EV 98.1 MPH)
|
Bottom of the 7th over - 0 runs, 2 hits, 0 errors, 2 left on base; California State University at Fullerton 8 - University of Georgia 1 |
TOP OF THE 8TH |
California State University at Fullerton Titans batting - Pitching for University of Georgia Bulldogs : RHP Hisanobu Hayashi
|
Pitching: LHP Yury Izvitsky
|
|
Now at 3B: Pedro Gonzalez
|
|
Batting: RHB Victor Rubert
|
0-0: Foul Ball, location: 2F 0-1: Ball 1-1: Foul Ball, location: 2F 1-2: Strikes out swinging
|
Batting: RHB Guillermo Arredondo
|
0-0: Called Strike 0-1: Ball 1-1: Ball 2-1: Foul Ball, location: 2F 2-2: Strikes out swinging
|
Batting: LHB Walt van der Rest
|
0-0: Ball 1-0: Called Strike 1-1: Foul Ball, location: 2F 1-2: Foul Ball, location: 2F 1-2: Foul Ball, location: 2F 1-2: Ball 2-2: Ground out 4-3 (Groundball, 4M, EV 86.2 MPH)
|
Top of the 8th over - 0 runs, 0 hits, 0 errors, 0 left on base; California State University at Fullerton 8 - University of Georgia 1 |
BOTTOM OF THE 8TH |
University of Georgia Bulldogs batting - Pitching for California State University at Fullerton Titans : RHP Matt Lane
|
Pinch Hitting: RHB Luis Chavez
|
0-0: Swinging Strike 0-1: Swinging Strike 0-2: Strikes out looking
|
Pinch Hitting: LHB Dave Schaubert
|
0-0: Ball 1-0: Called Strike 1-1: Fly out, F9 (Flyball, 9D, EV 95.6 MPH)
|
Batting: SHB Zack Flater
|
0-0: Foul Ball, location: 2F 0-1: Ball 1-1: Foul Ball, location: 2F 1-2: Ball 2-2: Ground out 4-3 (Groundball, 4, EV 105.0 MPH)
|
Bottom of the 8th over - 0 runs, 0 hits, 0 errors, 0 left on base; California State University at Fullerton 8 - University of Georgia 1 |
TOP OF THE 9TH |
California State University at Fullerton Titans batting - Pitching for University of Georgia Bulldogs : LHP Yury Izvitsky
|
Now at 1B: Dave Schaubert
|
|
Now at 2B: Luis Chavez
|
|
Batting: RHB Wan-ling Zhu
|
0-0: Ball 1-0: Called Strike 1-1: Called Strike 1-2: Foul Ball, location: 2F 1-2: Foul Ball, location: 2F 1-2: Ball 2-2: Ball 3-2: Base on Balls
|
Pinch Hitting: RHB Amir Christy
|
0-0: Called Strike 0-1: Swinging Strike 0-2: Ball 1-2: Ball 2-2: Ball 3-2: Base on Balls Wan-ling Zhu to second
|
Pinch Hitting: RHB Luke Peet
|
0-0: Fly out, F9 (Flyball, 89M, EV 81.2 MPH)
|
Pinch Hitting: RHB Brad Mobley
|
0-0: Ball 1-0: Ball 2-0: Ball 3-0: Base on Balls Wan-ling Zhu to third Amir Christy to second
|
Batting: LHB Mike Fielden
|
0-0: Ball 1-0: SINGLE (Line Drive, 34, EV 103.1 MPH) Wan-ling Zhu scores Amir Christy to third Brad Mobley to second
|
Pinch Hitting: LHB Newt Peper
|
0-0: Ball 1-0: Swinging Strike 1-1: Ball 2-1: Swinging Strike 2-2: Ball 3-2: Base on Balls Amir Christy scores Brad Mobley to third Mike Fielden to second
|
Batting: RHB Victor Rubert
|
0-0: Called Strike 0-1: Called Strike 0-2: Ball 1-2: Ball 2-2: Foul Ball, location: 2F 2-2: Foul Ball, location: 2F 2-2: Strikes out swinging
|
Batting: RHB Guillermo Arredondo
|
0-0: Ball 1-0: Foul Ball, location: 2F 1-1: Ball 2-1: Ball 3-1: Base on Balls Brad Mobley scores Mike Fielden to third Newt Peper to second
|
Pitching: RHP Sun Chai
|
|
Pinch Hitting: LHB Clyde Irving
|
0-0: Hit by Pitch Mike Fielden scores Newt Peper to third Guillermo Arredondo to second
|
Batting: RHB Wan-ling Zhu
|
0-0: Ball 1-0: Ball 2-0: Ball 3-0: Base on Balls Newt Peper scores Guillermo Arredondo to third Clyde Irving to second
|
Batting: RHB Amir Christy
|
0-0: Fly out, F5 (Line Drive, 5, EV 71.9 MPH)
|
Top of the 9th over - 5 runs, 1 hit, 0 errors, 3 left on base; California State University at Fullerton 13 - University of Georgia 1 |
BOTTOM OF THE 9TH |
University of Georgia Bulldogs batting - Pitching for California State University at Fullerton Titans : RHP Matt Lane
|
Now at 1B: John Ricketts
|
|
Now at 3B: Newt Peper
|
|
Now in LF: Brad Mobley
|
|
Now in CF: Mulatu Adebayo
|
|
Now in RF: Clyde Irving
|
|
Pinch Hitting: RHB Jose Garibay
|
0-0: Ball 1-0: Ball 2-0: Called Strike 2-1: Fly out, F7 (Flyball, 78XD, EV 90.6 MPH)
|
Pinch Hitting: RHB Kevin Paul
|
0-0: Ball 1-0: Ball 2-0: Ball 3-0: Base on Balls
|
Batting: RHB Tsugio Yamaguchi
|
0-0: Ball 1-0: Called Strike 1-1: DOUBLE (Line Drive, 5D, EV 95.6 MPH) Kevin Paul to third
|
Pinch Hitting: LHB Jin-guo Shuai
|
0-0: SINGLE (Groundball, 34D, EV 103.1 MPH) Kevin Paul scores Tsugio Yamaguchi to third
|
Pinch Hitting: SHB Hector Quiroz
|
0-0: Ball 1-0: Ball 2-0: Swinging Strike 2-1: Ball 3-1: Foul Ball, location: 2F 3-2: Strikes out swinging
|
Pinch Hitting: LHB Antonio Razo
|
0-0: Called Strike 0-1: Ball 1-1: 3-RUN HOME RUN (Flyball, 9LD, EV 93.8 MPH), Distance : 345 ft
|
Pinch Hitting: RHB Jesus Alaniz
|
0-0: Called Strike 0-1: Ball 1-1: Foul Ball, location: 2F 1-2: Strikes out swinging
|
Bottom of the 9th over - 4 runs, 3 hits, 0 errors, 0 left on base; California State University at Fullerton 13 - University of Georgia 5 |
|